 Dungeon Crawl Stone Soup version 0.26-a0-660-gc07710193c (webtiles) character file.

Game seed: 6291537322896247369

124 dickylongcocking the Grave Robber (level 4, -2/32 HPs)
             Began as a Demonspawn Necromancer on Oct 5, 2020.
             Slain by a centaur
             ... wielding a +0 dagger
              (7 damage)
             ... on level 3 of the Dungeon.
             The game lasted 00:02:23 (3802 turns).

dickylongcocking the Grave Robber (DsNe)            Turns: 3802, Time: 00:02:23

Health: -2/32      AC:  4    Str:  8    XL:     4   Next: 81%
Magic:  7/7        EV: 12    Int: 17    God:
Gold:   83         SH:  0    Dex: 14    Spells: 7/8 levels left

rFire    . . .     SeeInvis .   f - +2 short sword (vamp)
rCold    . . .     Faith    .   (no shield)
rNeg     . . .     Spirit   .   a - +0 robe
rPois    .         Reflect  .   h - +0 helmet (curse)
rElec    .         Harm     .   (no cloak)
rCorr    .         Rampage  .   n - +0 pair of gloves
MR       .....                  (no boots)
Stlth    ++........             (no amulet)
HPRegen  0.10/turn              (no ring)
MPRegen  0.10/turn              (no ring)

@: no status effects
A: demonic guardian 2
a: no special abilities


You were on level 3 of the Dungeon.
You visited 1 branch of the dungeon, and saw 3 of its levels.

You collected 83 gold pieces.

Inventory:

Hand Weapons
 e - a +0 short sword
 f - a +2 vampiric short sword (weapon)
Armour
 a - a +0 robe (worn)
 h - a cursed +0 helmet (worn)
 n - a +0 pair of gloves (worn)
Wands
 m - a wand of iceblast (9)
Scrolls
 b - 5 scrolls of identify {unknown}
 i - 4 scrolls of remove curse {unknown}
 j - 2 scrolls of teleportation {unknown}
 o - a scroll of fog {unknown}
Potions
 c - 2 potions of magic {unknown}
 d - a potion of flight {unknown}
 g - 2 potions of curing
 k - a potion of haste
 l - 2 potions of degeneration {unknown}


   Skills:
 + Level 1.2 Fighting
 + Level 1.6 Short Blades
 + Level 2.2 Dodging
 + Level 2.3 Stealth
 + Level 2.5 Spellcasting
 + Level 5.2 Necromancy


You had 7 spell levels left.
You knew the following spells:

 Your Spells              Type           Power        Failure   Level
a - Pain                  Necr           ###.         2%          1

Your spell library contained the following spells:

 Spells                   Type           Power        Failure   Level
 Animate Skeleton         Necr           ###...       2%          1
 Vampiric Draining        Necr           ###.......   6%          3
 Animate Dead             Necr           ###.......   22%         4
 Agony                    Necr           ###.....     52%         5


Dungeon Overview and Level Annotations

Branches:
Dungeon (3/15)

Altars:
Nemelex Xobeh
Qazlal


Innate Abilities, Weirdness & Mutations

A demonic guardian rushes to your aid.


Message History

The leopard gecko bites your orange demon but does no damage.
The goblin hits you but does no damage. The centaur completely misses you.
The frilled lizard closely misses you.
The kobold hits your orange demon but does no damage.
The leopard gecko bites your orange demon.
Your orange demon stings the leopard gecko.
The leopard gecko dies!
Unknown command.
You hit the centaur.
You feel better.
The centaur is severely wounded.
The centaur hits you with a +0 dagger.
* * * LOW HITPOINT WARNING * * *
The goblin hits you.
* * * LOW HITPOINT WARNING * * *
The frilled lizard barely misses you.
The kobold barely misses your orange demon.
Your orange demon stings the goblin.
The goblin dies!
The centaur hits you with a +0 dagger!
You die...

.# ..#.#..# ÷###
#.#.#..# ...# #.#.#..# .
.#.#######.#.#..# ..
#..........#.#.^##...
.#...##...#.......c#
..#..##..#...#..##.#
...#....#....#.l##.##...
....#..#......K.@c.....#
.##..##..##...†4#.###...
.##..##..##.#####.#
....#..#....# .#
...#....#...# .#
..#..##..#..# .#
.#...##...#.# .# #
........ ## .# #. #.


You could see a centaur, a kobold, a frilled lizard and a friendly orange demon
(summoned).

Vanquished Creatures
  4 adders (D:2)
  3 oozes
  2 dart slugs
  A leopard gecko (D:1)
  An orc (D:3)
  5 giant cockroaches
  3 goblins
  7 hobgoblins
  10 jackals (D:1)
  11 kobolds
  A ball python (D:2)
  7 bats
  2 frilled lizards (D:1)
  10 rats
67 creatures vanquished.

Vanquished Creatures (collateral kills)
  A leopard gecko (D:3)
  A goblin (D:3)
2 creatures vanquished.

Grand Total: 69 creatures vanquished

Notes
Turn   | Place    | Note
-------+----------+-------------------------------------------
     0 | D:1      | dickylongcocking the Demonspawn Necromancer began the quest
                  | for the Orb.
     0 | D:1      | Reached XP level 1. HP: 13/13 MP: 3/3
   334 | D:1      | Gained mutation: A weak demonic guardian rushes to your
                  | aid. [demonic ancestry]
   334 | D:1      | Reached XP level 2. HP: 19/19 MP: 3/5
   949 | D:1      | Reached skill level 5 in Necromancy
  1166 | D:1      | Reached XP level 3. HP: 24/24 MP: 6/6
  1440 | D:1      | Found a sparkling altar of Nemelex Xobeh.
  2465 | D:2      | Found a stormy altar of Qazlal.
  2467 | D:2      | Noticed a fire elemental
  2467 | D:2      | Noticed an air elemental
  2468 | D:2      | Noticed a water elemental
  2468 | D:2      | Noticed an earth elemental
  2545 | D:2      | Reached skill level 1 in Short Blades
  2545 | D:2      | Gained mutation: A demonic guardian rushes to your aid.
                  | [demonic ancestry]
  2545 | D:2      | Reached XP level 4. HP: 30/31 MP: 7/7
  2801 | D:2      | Reached skill level 1 in Fighting
  3794 | D:3      | Noticed a centaur
  3802 | D:3      | Slain by a centaur

Illustrated notes

Levels and vault maps discovered:
D:1:      minmay_arrival_shattered_statue, layout_basic, roderic_lattice_a,
          nemelex_altar_shiori
D:2:      layout_basic, nicolae_qazlal_style_of_elements,
          kennysheep_generic_room_14
D:3:      layout_loops_ring, minivault_26, uniq_terence

Skill      XL: |  1  2  3  4 |
---------------+-------------+-----
Necromancy     | 5 |  5.2
Dodging        | 2 |  2.2
Stealth        | 2 |  2.3
Short Blades   | 1 |  1.6
Fighting       | 1 |  1.2
Spellcasting   | |  2.5

Action                   |  1- 3 |  4- 6 || total
-------------------------+-------+-------++-------
Melee: Short sword       |   110 |    88 ||   198
 Cast: Pain              |    28 |       ||    28
  Use: Potion            |       |     3 ||     3
 Stab: Sleeping          |     3 |     4 ||     7
Armor: Robe              |    24 |    30 ||    54
Dodge: Dodged            |    74 |    60 ||   134

Table legend: (Time is in decaauts)
 A = Elapsed time spent in this place.
 B = Non-inter-level travel time spent in this place.
 C = Inter-level travel time spent in this place.
 D = Time resting spent in this place.
 E = Time spent auto-exploring this place.
 F = Levels seen in this place.
 G = Mean time per level.
                   A        B        C        D        E       F      G
               +--------+--------+--------+--------+--------+-----+--------+
         Total |   3798 |   3673 |    125 |    461 |   2675 |   3 | 1266.0 |
       Dungeon |   3798 |   3673 |    125 |    461 |   2675 |   3 | 1266.0 |
               +--------+--------+--------+--------+--------+-----+--------+

Top non-repeatable levels by time:
     D:1: 2215 daAuts
     D:2: 1176 daAuts
     D:3: 406 daAuts
